 Seeded DCSS version 0.26.1-2-gb8aa6d0cf2 (webtiles) character file.

Game seed: 2766015790517002293 (custom seed)

32 oldmanjim the Grave Robber (level 3, 0/28 HPs)
             Began as a Deep Dwarf Necromancer on Feb 23, 2021.
             Slain by an adder (2 damage)
             ... on level 2 of the Dungeon.
             The game lasted 00:09:53 (1355 turns).

oldmanjim the Grave Robber (Deep Dwarf Necromancer) Turns: 1355, Time: 00:09:54

Health: 0/28       AC:  2    Str: 12    XL:     3   Next: 10%
Magic:  6/6        EV: 13    Int: 15    God:
Gold:   64         SH:  0    Dex: 13    Spells: 5/6 levels left

rFire    . . .     SeeInvis .   b - +0 dagger
rCold    . . .     Faith    .   (no shield)
rNeg     . . .     Spirit   .   l - +0 robe
rPois    .         Reflect  .   (no helmet)
rElec    .         Harm     .   (no cloak)
rCorr    .         Rampage  .   (no gloves)
Will     .....                  (no boots)
Stlth    ++........             (no amulet)
HPRegen  0.00/turn              (no ring)
MPRegen  0.10/turn              (no ring)

@: lethally poisoned (0 -> 0), non-regenerating
A: damage resistance, heal wounds, sense surroundings 1, no regeneration
a: Heal Wounds


You were on level 2 of the Dungeon.
You visited 1 branch of the dungeon, and saw 2 of its levels.

You collected 64 gold pieces.

Inventory:

Hand Weapons
 a - a +1 dagger of flaming
 b - a +0 dagger (weapon)
Missiles
 c - 60 stones
 f - 16 sling bullets
Armour
 l - a +0 robe (worn)
Jewellery
 k - an uncursed ring of stealth {unknown}
 m - an uncursed amulet of magic regeneration {unknown}
Scrolls
 d - 4 scrolls of teleportation {unknown}
 e - a scroll of remove curse {unknown}
 h - a scroll of magic mapping {unknown}
 j - 3 scrolls of fog {unknown}
 n - a scroll of identify {unknown}
Potions
 g - a potion of heal wounds {unknown}
 i - a potion of attraction {unknown}


   Skills:
 + Level 2.5 Dodging
 + Level 2.8 Stealth
 + Level 2.1 Spellcasting
 * Level 5.0 Necromancy


You had 5 spell levels left.
You knew the following spells:

 Your Spells              Type           Power        Failure   Level
a - Pain                  Necr           64%          2%          1

Your spell library contained the following spells:

 Spells                   Type           Power        Failure   Level
 Animate Skeleton         Necr           32%          2%          1
 Vampiric Draining        Necr           8%           9%          3
 Animate Dead             Necr           8%           28%         4
 Agony                    Necr           16%          61%         5


Dungeon Overview and Level Annotations

Branches:
Dungeon (2/15)

Altars:


Innate Abilities, Weirdness & Mutations

You are resistant to damage.
You can heal yourself by infusing magical energy.
You passively map a small area around you.
You do not regenerate.


Message History

The adder hisses angrily.
The adder closely misses you.
You miss the adder. The adder misses you. The adder closely misses you.
The adder closely misses you. x2; The adder bites you.
You hit the adder but do no damage. The adder completely misses you.
The adder closely misses you.
You closely miss the adder. The adder bites you.
You are poisoned.
The adder poisons you! The adder closely misses you.
You miss the adder. The adder bites you.
* * * LOW HITPOINT WARNING * * *
The adder closely misses you. The adder misses you.
The adder barely misses you.
You closely miss the adder. The adder misses you. The adder bites you.
* * * LOW HITPOINT WARNING * * *
You are more poisoned.
The adder poisons you!
You hit the adder but do no damage. The adder bites you.
You die...

########
##......##
##.......$##
#......@S..#
#.......S..#
#...>......#
#.....[....# ,
#............,
##........####
#..........*
#..........# ,
..........#


You could see 2 adders.

Vanquished Creatures
  An ooze (D:1)
  2 dart slugs (D:1)
  A giant cockroach (D:1)
  5 goblins (D:1)
  2 hobgoblins (D:1)
  3 bats (D:1)
  2 frilled lizards (D:1)
  6 kobolds (D:1)
  4 rats (D:1)
26 creatures vanquished.

Notes
Turn   | Place    | Note
-------+----------+-------------------------------------------
     0 | D:1      | oldmanjim the Deep Dwarf Necromancer began the quest for
                  | the Orb.
     0 | D:1      | Reached XP level 1. HP: 15/15 MP: 3/3
   318 | D:1      | Reached XP level 2. HP: 19/22 MP: 1/4
   798 | D:1      | Reached skill level 5 in Necromancy
   855 | D:1      | Reached XP level 3. HP: 11/28 MP: 4/6
  1355 | D:2      | Slain by an adder

Illustrated notes

Levels and vault maps discovered:
D:1:      sevenhm_arrival_forest_fort_large_4, layout_loops_ring
D:2:      layout_rooms, nrook_mini_backslash, uniq_natasha

Skill      XL: |  1  2 |
---------------+-------+-----
Spellcasting   | 2 |  2.1
Necromancy     | 5 |  5.0
Dodging        | |  2.5
Stealth        | |  2.8

Action                   || total
-------------------------++-------
Melee: Whip              ||    37
       Unarmed           ||     2
       Dagger            ||     7
 Cast: Pain              ||    32
 Stab: Sleeping          ||     2
Armor: Robe              ||    15
Dodge: Dodged            ||    65
